 Dungeon Crawl Stone Soup version 0.29-a0-234-g0dae59b3db (webtiles) character file.

Game seed: 5382681569191381226

4 lucarioanubis the Skirmisher (level 1, -2/20 HPs)
             Began as a Hill Orc Fighter on Mar 3, 2022.
             Slain by a gnoll
             ... wielding a +0 spear
              (3 damage)
             ... on level 1 of the Dungeon.
             The game lasted 00:01:25 (99 turns).

lucarioanubis the Skirmisher (Hill Orc Fighter)       Turns: 99, Time: 00:01:25

Health: -2/20      AC:  6    Str: 18    XL:     1   Next: 60%
Magic:  1/1        EV:  9    Int:  8    God:
Gold:   11         SH:  4    Dex: 10    Spells: 0/0 levels left

rFire   . . .      SeeInvis .   a - +0 rapier
rCold   . . .      Faith    .   c - +0 buckler
rNeg    . . .      Spirit   .   b - +0 scale mail
rPois   .          Reflect  .   (no helmet)
rElec   .          Harm     .   (no cloak)
rCorr   .          Rampage  .   (no gloves)
Will    .....                   (no boots)
Stlth   ..........              (no amulet)
HPRegen 0.06/turn               (no ring)
MPRegen 0.07/turn               (no ring)

@: no status effects
A: no striking features
a: no special abilities


You were on level 1 of the Dungeon.
You visited 1 branch of the dungeon, and saw 1 of its levels.

You collected 11 gold pieces.

Inventory:

Hand Weapons
 a - a +0 rapier (weapon)
Armour
 b - a +0 scale mail (worn)
 c - a +0 buckler (worn)
Scrolls
 e - a scroll of magic mapping {unknown}
Potions
 d - a potion of might
 f - a potion of mutation {unknown}
 g - a potion of magic {unknown}


   Skills:
 + Level 3.8 Fighting
 + Level 2.0 Short Blades
 + Level 3.3 Armour
 + Level 3.3 Shields


You couldn't memorise any spells.
You didn't know any spells.
Your spell library was empty.

Dungeon Overview and Level Annotations

Branches:
Dungeon (1/15)

Altars:


Message History

Unknown command.
Things that are here:
a +0 whip; a kobold corpse Unknown command.
g - an amethyst potion
Found 11 gold pieces.
Found 7 gold pieces and 12 stones.
Found a robe.
You now have 11 gold pieces.
Found a stone staircase leading down.
A gnoll comes into view. It is wielding a +0 spear.
Found 15 gold pieces.
The gnoll shouts!
You hear an angry hiss.
You see here 7 gold pieces.
A ball python comes into view.
The ball python hisses angrily.
A ball python comes into view.
You see here a +0 robe.
The gnoll closely misses you.
Found a yellow potion.
The ball python barely misses you. The ball python grabs you.
The ball python constricts you. The gnoll barely misses you.
The ball python bites you. The ball python constricts you.
You escape the ball python's grasp.
The gnoll hits you with a +0 spear.
You hit the gnoll but do no damage. The ball python misses you.
The ball python grabs you. The ball python constricts you.
You block the ball python's attack. The gnoll hits you with a +0 spear.
The ball python barely misses you. The ball python constricts you.
You block the ball python's attack.
You closely miss the ball python. The gnoll hits you with a +0 spear.
* * * LOW HITPOINT WARNING * * *
The ball python bites you.
* * * LOW HITPOINT WARNING * * *
The ball python constricts you.
* * * LOW HITPOINT WARNING * * *
The ball python bites you but does no damage.
The gnoll hits you with a +0 spear.
* * * LOW HITPOINT WARNING * * *
You escape the ball python's grasp.
The gnoll hits you with a +0 spear.
You die...

....# #.#.# ###
###...# ..#
.....##########.#
...#............#
########......$.##
....# #.......[.#
..... #.........#
..... #......SS@#
#.... #.(.....g.#
##... #.........#
. ... #.........#
##### #...$......
..... .........#.#
##### #...####....
#!.. ......


You could see a gnoll and 2 ball pythons.

Vanquished Creatures
  A bat (D:1)
  An endoplasm (D:1)
  A ball python (D:1)
  A kobold (D:1)
4 creatures vanquished.

Notes
Turn   | Place    | Note
-------+----------+-------------------------------------------
     0 | D:1      | lucarioanubis the Hill Orc Fighter began the quest for the
                  | Orb.
     0 | D:1      | Reached XP level 1. HP: 19/19 MP: 1/1
    98 | D:1      | HP: 1/20 [gnoll/+0 spear (1)]
    99 | D:1      | Slain by a gnoll

Illustrated notes

Levels and vault maps discovered:
D:1:      matt_arrival_grand_opening, layout_rooms,
          shapermc_ecumenical_altar_pompeii, minmay_tromino_v4_c

Action                   || total
-------------------------++-------
Melee: Rapier            ||    10
Armor: Scale mail        ||     7
Dodge: Dodged            ||    13
Block: Buckler           ||     3

Table legend: (Time is in decaauts)
 A = Elapsed time spent in this place.
 B = Non-inter-level travel time spent in this place.
 C = Inter-level travel time spent in this place.
 D = Time resting spent in this place.
 E = Time spent auto-exploring this place.
 F = Levels seen in this place.
 G = Mean time per level.
                   A        B        C        D        E       F      G
               +--------+--------+--------+--------+--------+-----+--------+
         Total |    100 |    100 |      0 |      0 |      0 |   1 |  100.0 |
       Dungeon |    100 |    100 |      0 |      0 |      0 |   1 |  100.0 |
               +--------+--------+--------+--------+--------+-----+--------+

Top non-repeatable levels by time:
     D:1: 100 daAuts
